[Event "Sardinia World Festival-A 2024"]
[Site "Orosei"]
[Date "2024.05.01"]
[Round "6.29"]
[White "Lumachi, Gabriele"]
[Black "Andreev, Konstantin"]
[Result "1-0"]
[ECO "D24"]
[WhiteElo "2413"]
[BlackElo "2244"]
[Annotator "TA"]
[PlyCount "67"]
[EventDate "2024.04.26"]
[EventType "swiss"]
[EventCountry "ITA"]
[SourceTitle "playchess.com"]
[Source "ChessBase"]
[SourceQuality "1"]
[TimeControl "40/5400+30:1800+30"]

1. d4 Nf6 2. c4 e6 3. Nf3 d5 4. Nc3 dxc4 5. e4 b5 6. e5 $1 Nd5 7. Nxb5 Nb6 8. a3 {[%emt 0:00:06] White is slightly better.} Ba6 9. Nc3 Nc6 10. Be3 Na5 (10... Qd7 $11 {remains equal.}) 11. Qc2 (11. b4 $16 Nb3 12. Rb1) 11... Be7 $11 12. Rd1 O-O (12... Bb7 $11) 13. h4 $16 {[%emt 0:00:07][%cal Bh2h4,Bh4g5,Bg5h6][%mdl 32] White is more active.} h6 {[%emt 0:08:46] Prevents Ng5.} 14. Rh3 Nd5 {[%emt 0:07:36] [#]} (14... Bb7 $16) 15. Bxh6 $1 $18 gxh6 {[%emt 0:00:43] [#]} 16. Ng5 $1 Bxg5 $14 (16... hxg5 $2 17. hxg5 f5 18. gxf6 $18 (18. exf6 Kf7 $18)) 17. hxg5 $40 {[%emt 0:00:07][%mdl 128] White is up to no good.} Kg7 (17... Qxg5 $2 18. Rg3 $18) 18. Ne4 $1 {[%emt 0:07:46] Nf6 is the strong threat. Really sharp!} Rh8 19. gxh6+ Kf8 $2 {[%emt 0:06:54] Black cannot hold the game after this.} (19... Rxh6 $16 20. Rxh6 Kxh6) 20. b4 {[%emt 0:10:49][%cal Oe4c5] And now Nc5! would win.} Nc6 21. Nc5 {[%emt 0:02:21] Strongly threatening Nxe6+.} (21. Bxc4 Bxc4 22. Qxc4 Nf4 $14) 21... Bc8 ({Don't go for} 21... Nf4 $2 22. Rf3 (22. Nxa6 Nxh3 23. Qxc4 Qh4 $14) 22... Nxd4 23. Qe4 Nd3+ (23... Nxf3+ $2 24. Qxf3 Qc8 25. Qxf4 $18) 24. Bxd3 Nxf3+ 25. Qxf3 Rxh6 26. Bf1 $18 (26. Nxa6 cxd3 27. Rxd3 Qc8 $16)) 22. Qxc4 {[%emt 0:02:08] Threatens to win with Qc1.} ({But not} 22. Bxc4 Nce7 23. Qc1 Ng6 $18) 22... Nce7 23. Qc1 {[%emt 0:01:44][%mdl 1024] White has strong compensation.} Ng6 24. g3 a5 (24... Rh7 $16 25. Bd3 Kg8) 25. b5 a4 26. Bd3 c6 $2 (26... Qe7 $16 27. h7 Ke8) 27. h7 $18 {[%emt 0:04:36] White is clearly winning.} (27. bxc6 Kg8 28. Kf1 Qe7 $18) 27... Nde7 28. g4 Ke8 29. Ne4 {[%emt 0:01:38][%cal Bc5e4,Be4d6,Bd6f7][%mdl 32] Nf6+ would kill now.} Kd7 30. Nd6 Qa5+ 31. Kf1 Rf8 32. Qh6 Qd8 33. Bxg6 Nxg6 {[%emt 0:00:05] [#]} 34. Nxf7 $1 {[%emt 0:00:32][%mdl 512] Weighted Error Value: White=0.20 (precise) /Black=0.53.  Loses game:     	---       	Black=2      Mistake:       	White=2     	Black=4      Inaccurate:     	---       	Black=1      OK:         	White=7     	Black=4      Best:        	White=2     	Black=1      Strong:       	White=1     	---        Brilliant:      	White=1     	---} 1-0

[Event "Sardinia World Festival-A 2024"]
[Site "Orosei"]
[Date "2024.05.01"]
[Round "6.30"]
[White "Perossa, Nicolas"]
[Black "Di Benedetto, Edoardo"]
[Result "1/2-1/2"]
[ECO "C13"]
[WhiteElo "2269"]
[BlackElo "2400"]
[Annotator "TA"]
[PlyCount "144"]
[EventDate "2024.04.26"]
[EventType "swiss"]
[EventCountry "ITA"]
[SourceTitle "playchess.com"]
[Source "ChessBase"]
[SourceQuality "1"]
[TimeControl "40/5400+30:1800+30"]

1. e4 e6 2. d4 d5 3. Nc3 Nf6 4. Bg5 dxe4 5. Nxe4 Be7 6. Bxf6 gxf6 7. Nf3 f5 8. Nc3 Nd7 {[%emt 0:00:06] C13: French: Classical System: 4 Bg5 Be7, Alekhine-Chatard Attack.} 9. g3 c5 10. Bg2 O-O 11. O-O Qb6 $146 ({Predecessor:} 11... Bf6 12. Ne2 cxd4 13. Nfxd4 Ne5 14. c3 Bd7 15. Qb3 Rb8 16. Rfd1 Qe7 17. Nf4 Ng6 18. Nxf5 {1-0 Charvein,G (1993)-Beranger,A (1548) Marseille Estival 1st 2023 (7)}) 12. Na4 Qa5 13. Nxc5 Nxc5 14. dxc5 Qxc5 15. Qd2 Bf6 16. c3 Rd8 17. Qh6 Qe7 18. Rfe1 Bd7 19. Nd4 Bxd4 20. cxd4 Bc6 21. Bxc6 bxc6 22. Qf4 Qf6 23. Re5 Rab8 24. b3 Rb4 25. Rd1 Kg7 26. Rd3 Rb5 27. Rde3 Rbd5 28. Rxd5 Rxd5 29. Re5 Rd7 30. Kg2 Qd8 31. Rc5 Rxd4 32. Qe5+ Kg6 33. Rxc6 Rd2 34. a4 a5 (34... Qa8 $5 35. Qc5 $8 h6 $11) 35. h3 h5 (35... Qa8 {simplifies} 36. Qc5 h5 37. h4 Qb7) 36. g4 hxg4 37. hxg4 Qd5+ (37... fxg4 $5 38. Qe4+ $8 Kf6 39. Qf4+ Ke7 40. Rc7+ (40. Qxg4 Qd5+ 41. Qf3 Qxf3+ 42. Kxf3 Rd3+ 43. Ke2 Rxb3 $11) 40... Rd7 41. Rxd7+ Qxd7 $11) 38. Qxd5 Rxd5 39. gxf5+ Kxf5 40. Rb6 e5 41. Kf3 Rd2 42. Ke3 Rb2 43. Rb5 f6 44. Rb8 Kg5 45. Rg8+ Kf5 46. Rb8 Rc2 47. Rb5 Rc3+ 48. Kd2 Rf3 49. Ke2 Kf4 50. Rb6 f5 51. Rb5 e4 52. Rxa5 Rxb3 53. Rb5 Ra3 54. a5 Ra2+ 55. Kf1 Kg4 56. Re5 f4 57. Rxe4 Kf3 58. Re5 Rxf2+ 59. Kg1 Rg2+ 60. Kf1 Ra2 61. Kg1 Ra1+ 62. Kh2 Kf2 63. Rb5 Ra2 64. Rb3 f3 65. a6 $1 Ke2 66. Rb1 Ke3+ 67. Kg3 Rg2+ 68. Kh3 Rg7 69. Rb3+ Ke2 70. Rb2+ Ke1 71. Rb1+ Kd2 72. Rb2+ Ke3 1/2-1/2

[Event "Sardinia World Festival-A 2024"]
[Site "Orosei"]
[Date "2024.05.01"]
[Round "6.31"]
[White "Krivenko, Dion"]
[Black "Shohat, Yotam"]
[Result "1/2-1/2"]
[ECO "B31"]
[WhiteElo "2254"]
[BlackElo "2398"]
[Annotator "TA"]
[PlyCount "60"]
[EventDate "2024.04.26"]
[EventType "swiss"]
[EventCountry "ITA"]
[SourceTitle "playchess.com"]
[Source "ChessBase"]
[SourceQuality "1"]
[TimeControl "40/5400+30:1800+30"]

1. e4 c5 2. Nf3 Nc6 3. Bb5 g6 4. c3 Nf6 5. Qe2 Bg7 6. O-O O-O 7. e5 Nd5 8. d4 cxd4 9. cxd4 d6 10. h3 {[%emt 0:10:08] Against Bg4. Black has an edge.} Bd7 11. Nc3 Nxc3 12. bxc3 dxe5 13. Bxc6 Bxc6 14. Nxe5 Rc8 15. Rb1 (15. Nxc6 $5 Rxc6 16. Bd2 $15) 15... b6 16. Nxc6 Rxc6 17. Bd2 e6 18. Qa6 Qd7 19. Rfd1 Rfc8 20. a4 Rc4 21. a5 Ra4 22. Qb5 Qxb5 23. Rxb5 bxa5 24. Rb7 Ra2 25. Be3 h5 ({Not} 25... Rxc3 26. Rb8+ Bf8 27. Bh6) 26. Rc1 a6 27. Ra7 {[%emt 0:05:22] The position is equal.} Ra3 28. Rxa6 Raxc3 29. Rxc3 Rxc3 30. Rxa5 Rc8 {[%emt 0:01:07] Weighted Error Value: White=0.06 (flawless) /Black=0.06 (flawless) .  Inaccurate:     	White=1     	Black=2      OK:         	White=9     	Black=11     Best:        	White=1     	---} 1/2-1/2

[Event "Sardinia World Festival-A 2024"]
[Site "Orosei"]
[Date "2024.05.01"]
[Round "6.32"]
[White "Zemach, Nadav"]
[Black "Kanyamarala, Tarun"]
[Result "1/2-1/2"]
[ECO "E04"]
[WhiteElo "2396"]
[BlackElo "2293"]
[Annotator "TA"]
[PlyCount "86"]
[EventDate "2024.04.26"]
[EventType "swiss"]
[EventCountry "ITA"]
[SourceTitle "playchess.com"]
[Source "ChessBase"]
[SourceQuality "1"]
[TimeControl "40/5400+30:1800+30"]

1. d4 Nf6 2. c4 e6 3. Nf3 d5 4. g3 dxc4 5. Bg2 c6 6. O-O b5 7. Ne5 Bb7 8. a4 a6 9. b3 cxb3 10. Bb2 Nbd7 11. Nd2 (11. Bxc6 Bxc6 12. Nxc6 Qb6 13. axb5 Qxb5 $15) 11... Nxe5 12. dxe5 Nd7 13. Qxb3 (13. Ne4 {is more complex.} b4 14. Nd6+ Bxd6 15. exd6 Qb6 16. Bxg7 Rg8 17. a5) 13... Be7 14. Ne4 O-O 15. Nd6 Bxd6 16. exd6 Qb6 17. a5 Qa7 18. Bxc6 $1 Bxc6 19. Qc3 $1 e5 $1 {[%emt 0:00:48] ...Rac8 would now be deadly.} 20. Qxc6 Rac8 21. Qf3 Rc4 22. Rac1 Rfc8 23. Rxc4 bxc4 24. Bc3 Qc5 25. Rd1 Qc6 26. Qg4 Rd8 27. h4 h6 28. Rd2 Rb8 29. Qf5 {[%emt 0:00:00] Inhibits Rb1+.} Rb3 30. Qc2 (30. Bxe5 $2 g6 (30... Rb5 31. f4 $11) 31. Qc2 (31. Qf4 $2 Rb1+) 31... Nxe5 $19) 30... Rb5 31. h5 Nf6 32. Qd1 {[%emt 0:00:59] d7 is the strong threat.} Qd7 (32... Nxh5 $2 33. d7 Qe4 34. d8=Q+ $18 (34. d8=B $2 Rb1 $19)) 33. Rb2 Rxb2 34. Bxb2 $11 {[%emt 0:00:00][%mdl 4096] Endgame. KQB-KQN} Qh3 {[%emt 0:00:34] ( -> ...Ng4)} 35. Qf1 (35. Bxe5 $2 Ng4 36. f3 Qh2+ 37. Kf1 Qh1#) (35. e4 $14) 35... Qxh5 $15 36. e4 Ng4 (36... Nxe4 $2 {is the wrong capture.} 37. d7 (37. Qxc4 Qd1+ 38. Kg2 Nxd6 $11) 37... Qg5 38. Qxc4 $18) (36... Kh7 $15) 37. Kg2 $11 {[%emt 0:00:00][%cal Od6d7] Active counter play!} Qh2+ 38. Kf3 Nf6 39. Qxc4 {[%emt 0:00:15] Hoping for Qc8+.} Qh1+ 40. Ke2 {[%emt 0:01:16] aiming for Qc8+.} Qh5+ {[%emt 0:01:27] [#]} (40... Kh7 $1 $11 {keeps the balance.}) 41. Ke1 (41. Kd2 $142 $1 Qf3 42. Kc1 Qxf2 43. Bxe5 Qe1+ 44. Kc2 Nxe4 45. Qc8+ (45. Qxa6 Qf2+ 46. Kb1 Qf5 $11) 45... Kh7 46. d7 (46. Qxa6 $2 {loses.} Qf2+ 47. Kb1 Nc5 $19) 46... Qd2+ 47. Kb1 Qe1+ 48. Ka2 Qd2+ 49. Bb2 Qd5+ 50. Ka1 Qd1+ 51. Ka2) 41... Qh1+ $16 42. Ke2 {[%emt 0:00:13] Strongly threatening Qc8+.} Qh5+ {[%emt 0:01:07] [#]} 43. Ke1 (43. Kd2 $1 $16 Qf3 44. Kc1 Qxf2 45. Bxe5) 43... Qh1+ {[%emt 0:02:15] Weighted Error Value: White=0.12 (very precise) /Black=0.07 (flawless) .  Mistake:       	White=3     	Black=2      Inaccurate:     	White=1     	Black=1      OK:         	White=15    	Black=16     Best:        	White=4     	Black=5      Strong:       	White=1     	Black=1} 1/2-1/2

[Event "Sardinia World Festival-A 2024"]
[Site "Orosei"]
[Date "2024.05.01"]
[Round "6.33"]
[White "Vergara Anton, Diego"]
[Black "Loftgaard, Mikkel Vinh"]
[Result "1-0"]
[ECO "E05"]
[WhiteElo "2387"]
[BlackElo "2227"]
[Annotator "TA"]
[PlyCount "51"]
[EventDate "2024.04.26"]
[EventType "swiss"]
[EventCountry "ITA"]
[SourceTitle "playchess.com"]
[Source "ChessBase"]
[SourceQuality "1"]
[TimeControl "40/5400+30:1800+30"]

1. Nf3 d5 2. g3 Nf6 3. Bg2 e6 4. O-O Be7 5. d4 O-O 6. c4 dxc4 7. Qc2 a6 8. a4 Bd7 9. Rd1 Bc6 10. Nc3 Nbd7 (10... Bxf3 $11 {keeps the balance.} 11. exf3 Nc6) 11. e4 $16 {[%emt 0:01:39][%cal Be2e4,Be4e5,Be5e6][%mdl 32] Threatens to win with d5.} b5 {[%emt 0:03:53] [#]} 12. d5 $1 exd5 {[%emt 0:00:24] [#] White is better.} 13. e5 {[%emt 0:00:05] White is more active.} Ne8 $2 (13... Ng4 $16) 14. Nxd5 $18 Bxd5 15. Rxd5 c6 16. Rd1 {[%emt 0:01:25][%mdl 1024] White has strong compensation.} Qc7 17. Bf4 Nc5 18. e6 (18. Nd4 g5 19. Nxc6 (19. Bxc6 Rd8 $15) 19... Ng7 20. Nxe7+ Qxe7 21. Bxa8 gxf4 22. axb5 axb5) 18... Qb7 $2 (18... Qc8 {is a better defense.} 19. Nd4 Nxe6 20. Nxc6 (20. Bxc6 $2 Nxd4 21. Rxd4 Qxc6 $19) 20... Bf6 21. axb5 c3 (21... Nxf4 $2 22. gxf4 Kh8 23. b6 $18) 22. bxc3 Nxf4) 19. Ne5 {[%emt 0:05:31][%csl LRc6,LRf7] White is clearly winning.} f6 (19... fxe6 $142 20. axb5 (20. Nxc6 Bd6 $18) (20. Bxc6 Qc7 $18) 20... Qc7 21. Nxc6 (21. Bxc6 g5 $18) (21. Ng6 Rxf4 22. Nxf4 Nd6 $18) 21... Bd6) 20. Nxc6 Nxe6 21. Nxe7+ Qxe7 22. Bxa8 Nxf4 23. gxf4 Nc7 24. Bd5+ Nxd5 25. Rxd5 Qe6 26. Qf5 {[%emt 0:00:20] White took control after the opening.   Weighted Error Value: White=0.06 (flawless) /Black=0.74.  Loses game:     	---       	Black=1      Mistake:       	---       	Black=2      OK:         	White=4     	Black=3      Best:        	White=4     	---        Strong:       	White=1     	---} 1-0

[Event "Sardinia World Festival-A 2024"]
[Site "Orosei"]
[Date "2024.05.01"]
[Round "6.34"]
[White "Bellia, Fabrizio"]
[Black "Shvedova, Alexandra"]
[Result "1-0"]
[ECO "B55"]
[WhiteElo "2384"]
[BlackElo "2203"]
[Annotator "RC"]
[PlyCount "69"]
[EventDate "2024.04.26"]
[EventType "swiss"]
[EventCountry "ITA"]
[SourceTitle "playchess.com"]
[Source "ChessBase"]
[SourceQuality "1"]
[TimeControl "40/5400+30:1800+30"]

1. e4 c5 2. Nf3 d6 3. d4 cxd4 4. Nxd4 Nf6 5. f3 e5 6. Nb3 Be6 7. c4 Nbd7 8. Be3 Rc8 9. Nc3 Bxc4 10. Bxc4 Rxc4 11. Qd3 Rc8 12. Bxa7 b6 13. O-O d5 14. exd5 Bb4 15. Nb5 O-O 16. Rad1 Re8 17. d6 Re6 18. a3 Nc5 19. Qc4 Nxb3 20. Qxb4 Nc5 21. Rc1 Nfd7 22. Qd2 e4 23. fxe4 Nxe4 24. Qf4 Nef6 25. Rc7 Qe8 26. Qc1 Rd8 27. h3 Re2 28. Nd4 Qe3+ 29. Qxe3 Rxe3 30. Nc6 Rde8 31. Rxf6 Nxf6 32. d7 Nxd7 33. Rxd7 Rb3 34. Rd2 f6 35. Nd4 1-0

[Event "Sardinia World Festival-A 2024"]
[Site "Orosei"]
[Date "2024.05.01"]
[Round "6.35"]
[White "Ibrayev, Nurlan"]
[Black "Montorsi, Matteo"]
[Result "1-0"]
[ECO "B43"]
[WhiteElo "2368"]
[BlackElo "2168"]
[Annotator "TA"]
[PlyCount "139"]
[EventDate "2024.04.26"]
[EventType "swiss"]
[EventCountry "ITA"]
[SourceTitle "playchess.com"]
[Source "ChessBase"]
[SourceQuality "1"]
[TimeControl "40/5400+30:1800+30"]

1. e4 c5 2. Nc3 a6 3. g3 b5 4. Bg2 Bb7 5. Nge2 Nf6 6. d4 cxd4 7. Nxd4 e6 8. O-O d6 9. Re1 Qc7 10. a4 bxa4 11. Nd5 Qd8 12. Nxf6+ gxf6 13. Qh5 Qd7 14. Bh3 Kd8 15. Bh6 Nc6 16. Rxa4 Nxd4 17. Rxd4 Bxh6 18. Qxh6 Ke7 19. Red1 Rad8 20. Bg2 $2 (20. e5 $1 $18 {and the rest is easy.} fxe5 21. Qg5+ Kf8 22. Rxd6 Qxd6 23. Rxd6 (23. Qxd8+ Qxd8 24. Rxd8+ Kg7 $16) 23... Rxd6 24. Qxe5) 20... Qc6 {[%emt 0:04:53] [#]} (20... Qc7 $16 {was worth a try.} 21. b3 a5) 21. c3 ({Better is} 21. R1d3 $1 $18 {Threatens to win with Rb4.} Rhg8 22. Rb3 (22. Qxh7 $2 Rh8 $19)) 21... a5 $16 22. R4d3 Rhg8 23. Bf3 (23. Qxh7 $2 Rh8 24. Qg7 Rdg8 $19) 23... Qb5 {[%emt 0:06:58] [#]} (23... e5 $16 {is a better defense.}) 24. Qd2 $2 (24. Qxh7 $2 Rh8 25. Qg7 Rdg8 $19) (24. e5 $1 $18 Rg6 25. Qd2 (25. Qxh7 Bxf3 26. exd6+ Rxd6 $16) (25. exd6+ Rxd6 26. Qh5 Qxh5 $11) 25... Bxf3 26. exd6+ Rxd6 27. Rxd6 Bxd1 28. Rd8) 24... Qe5 25. Bg2 Rd7 26. Rd4 Rgd8 27. Qh6 Qg5 28. Qxg5 (28. Qxh7 {looks sharper.} Bc6 29. Ra1 Qb5 30. Rd2) 28... fxg5 29. Ra1 Ra8 30. Rda4 d5 31. exd5 Bxd5 32. Rxa5 Rxa5 33. Rxa5 Bb3 34. Bf3 (34. Rxg5 $2 {perishes.} Rd1+ 35. Bf1 Bc4 $19) 34... Rd2 (34... f5 $16) 35. Rxg5 $18 Rxb2 36. Rb5 Rb1+ 37. Kg2 Bc2 (37... Kd7 $142 38. Kh3 f6) 38. Rxb1 $18 Bxb1 39. Kf1 h6 40. Ke2 Kd6 41. Ke3 e5 42. Be4 Ba2 43. f4 f6 44. Bd3 Bd5 45. h4 Bc6 46. Be2 Bd5 47. c4 Bc6 $2 (47... Be6 $16) 48. fxe5+ $18 Kxe5 49. Bf3 Bd7 50. c5 Bc8 51. Be4 Bg4 52. Bb7 Be6 53. Bf3 Bc8 54. Kd3 Ba6+ 55. Kc3 Bc8 56. Kc4 Be6+ 57. Kc3 (57. Kb5 $142 f5 58. c6) 57... Bc8 $1 $18 58. Bg2 Be6 59. Bb7 Bg4 60. Kc4 Be2+ 61. Kb4 Kd4 62. c6 Bf3 63. Kb5 Ke3 64. Bc8 Bxc6+ 65. Kxc6 h5 66. g4 hxg4 67. h5 Kf4 68. h6 f5 69. Kd6 Ke3 70. h7 1-0

[Event "Sardinia World Festival-A 2024"]
[Site "Orosei"]
[Date "2024.05.01"]
[Round "6.36"]
[White "Stoyanov, Tsvetan"]
[Black "Nandhidhaa, P V"]
[Result "1/2-1/2"]
[ECO "A29"]
[WhiteElo "2473"]
[BlackElo "2276"]
[Annotator "TA"]
[PlyCount "93"]
[EventDate "2024.04.26"]
[EventType "swiss"]
[EventCountry "ITA"]
[SourceTitle "playchess.com"]
[Source "ChessBase"]
[SourceQuality "1"]
[TimeControl "40/5400+30:1800+30"]

1. c4 e5 2. Nc3 Nf6 3. Nf3 Nc6 4. g3 d5 5. cxd5 Nxd5 6. Bg2 Nb6 7. O-O Be7 8. a3 O-O 9. b4 Be6 10. d3 a5 11. b5 Nd4 12. Bb2 Nb3 13. Rb1 f6 14. Nd2 Nxd2 15. Qxd2 Nc4 {[%emt 0:01:21] The position is equal.} 16. Qc1 (16. dxc4 $2 Qxd2 17. Rfd1 Qg5 18. Bxb7 Rad8 $19) 16... Nxb2 17. Qxb2 Rb8 18. Rfc1 Rf7 19. Na4 b6 {[%emt 0:00:00] Prevents Nc5} 20. Rc6 Bd6 21. Nc3 f5 {[%emt 0:00:00] Prevents Ne4.} 22. a4 Qd7 23. Bd5 Bxd5 24. Nxd5 Rbf8 25. Kg2 e4 26. Qd4 {[%emt 0:09:20][%cal Od5b6] [#] Strongly threatening Nxb6!} f4 $1 27. Nxf4 (27. Qxe4 $2 {is the wrong capture.} fxg3 28. f4 (28. fxg3 $2 {loses.} Rf2+ 29. Kg1 Qh3 $19) 28... Bxf4 (28... gxh2 29. e3 $17) 29. Nxf4 Rxf4 30. Qe6+ Qxe6 31. Rxe6 gxh2 (31... Rxa4 32. hxg3 Ra2 33. Rc1 $15) 32. Kxh2 Rxa4 $19) (27. dxe4 {with more complications.} fxg3 28. f3 gxh2 29. Nxb6 Qe7 30. Rxd6 Qxd6 31. Qxd6 cxd6 32. Nc4) 27... Bxf4 28. Qxd7 Rxd7 29. gxf4 Rxf4 $11 {[%emt 0:00:00][%mdl 4096] Endgame. KRR-KRR} 30. Rc4 Rdf7 31. Rxe4 Rxf2+ 32. Kg1 h6 33. Rc1 R2f5 34. Re8+ Kh7 35. Re4 Kg8 36. h4 R7f6 37. Rg4 h5 38. Rg5 Rxg5+ 39. hxg5 {[%emt 0:00:01] KR-KR} Rg6 40. Rxc7 Rxg5+ 41. Kf2 h4 {[%emt 0:06:16] Hoping for ...h3.} 42. Rc4 h3 {[%emt 0:00:16] And now ...Rg2+ would win.} 43. Rh4 Rg2+ 44. Kf3 Rh2 45. Rc4 Rg2 {[%emt 0:00:48] [#] ...g5 is the strong threat.} 46. Rh4 Rh2 47. Rc4 {[%emt 0:00:47] Weighted Error Value: White=0.04 (flawless) /Black=0.03 (flawless) .  Inaccurate:     	White=2     	---        OK:         	White=14    	Black=17     Best:        	White=1     	Black=4      Strong:       	---       	Black=1} 1/2-1/2

[Event "Sardinia World Festival-A 2024"]
[Site "Orosei"]
[Date "2024.05.01"]
[Round "6.37"]
[White "Favaloro, Andrea"]
[Black "Fava, Lorenzo"]
[Result "1/2-1/2"]
[ECO "A07"]
[WhiteElo "2412"]
[BlackElo "2279"]
[Annotator "RC"]
[PlyCount "53"]
[EventDate "2024.04.26"]
[EventType "swiss"]
[EventCountry "ITA"]
[SourceTitle "playchess.com"]
[Source "ChessBase"]
[SourceQuality "1"]
[TimeControl "40/5400+30:1800+30"]

1. Nf3 d5 2. g3 Nf6 3. Bg2 Bf5 4. O-O Nbd7 5. c4 c6 6. cxd5 cxd5 7. Qb3 Qb6 8. Qxb6 Nxb6 9. Nc3 Bd7 10. d3 e6 11. Bf4 Be7 12. Ne5 O-O 13. Nxd7 Nbxd7 14. Rac1 a6 15. Rc2 Rfc8 16. Rfc1 Kf8 17. e4 e5 18. Bd2 d4 19. Ne2 Rxc2 20. Rxc2 Nc5 21. Nc1 a5 22. Kf1 Bd6 23. Ke2 Nfd7 24. Bh3 Ke7 25. f4 f6 26. f5 g5 27. Bf1 1/2-1/2

[Event "Sardinia World Festival-A 2024"]
[Site "Orosei"]
[Date "2024.05.01"]
[Round "6.38"]
[White "Maldonado Gonzales, Stefano"]
[Black "Atanasov, Anthony"]
[Result "0-1"]
[ECO "C55"]
[WhiteElo "2218"]
[BlackElo "2407"]
[Annotator "TA"]
[PlyCount "88"]
[EventDate "2024.04.26"]
[EventType "swiss"]
[EventCountry "ITA"]
[SourceTitle "playchess.com"]
[Source "ChessBase"]
[SourceQuality "1"]
[TimeControl "40/5400+30:1800+30"]

1. e4 e5 2. Nf3 Nc6 3. Bc4 Nf6 4. d3 h6 5. Nc3 Bb4 6. O-O Bxc3 7. bxc3 O-O 8. Re1 Re8 9. d4 d6 10. Qd3 {[%emt 0:07:27] The position is equal.} Bg4 11. Bb5 Nd7 12. Bxc6 bxc6 13. Rb1 Nb6 14. Nd2 Be6 15. a3 f6 16. Qg3 Qd7 17. f4 exf4 18. Qxf4 f5 19. Qg3 Kh7 20. e5 Rf8 ({Black should play} 20... Ba2 $17 21. Ra1 Bd5) 21. Qd3 Qf7 22. Bb2 Rab8 23. Ba1 Ba2 24. Rbd1 Bd5 25. exd6 (25. Bb2 $17) 25... cxd6 $19 26. Bb2 Nc4 $40 {[%emt 0:07:09][%mdl 128] Black wants a kill.} 27. Bc1 Nxd2 28. Qxd2 {[%emt 0:01:05] White is weak on the light squares} Be4 29. Qf4 Qd5 30. Rd2 Rf6 31. Qf1 Rb1 (31... Qa5 $19 32. Rf2 Rg6 (32... Qxc3 33. Rxe4 fxe4 34. Rxf6 $17)) 32. c4 $17 Qa5 {[%emt 0:00:49][%cal Ob1c1] Black has more active pieces.} 33. Re3 {[%emt 0:02:02] Now White is beyond hope.} (33. Rf2 $17) 33... Rg6 $19 {[%emt 0:00:35] [#] ( -> ...Qxd2)} 34. g3 (34. Rf2 $142) 34... d5 {[%emt 0:00:50][%cal Of5f4] Hoping for ...f4!} 35. cxd5 cxd5 36. Rf2 Qb6 37. c3 Qb8 {[%emt 0:00:14][%cal Of5f4] [#] Threatens to win with ...f4!} 38. Re1 Qb7 39. Re3 (39. Rxf5 {keeps fighting.} Bxf5 40. Qxf5) 39... Qc7 {[%emt 0:00:32][%cal Of5f4] ...f4! would now be deadly.} 40. Rb2 $2 (40. Re1) 40... Rxb2 41. Bxb2 f4 42. Re1 fxg3 {[%emt 0:00:00] Black mates.} 43. h4 Rf6 44. Qh3 Qf4 {[%emt 0:00:00] Weighted Error Value: White=0.56/Black=0.13 (very precise) .  Mistake:       	White=5     	Black=2      Inaccurate:     	White=4     	Black=1      OK:         	White=8     	Black=14     Best:        	White=1     	Black=1} 0-1